 Dungeon Crawl Stone Soup version 0.23.0 (webtiles) character file.

Game seed: 7123829164294117047

60 Delanovic the Firebug (level 4, -7/29 HPs)
             Began as an Octopode Wanderer on Feb 12, 2019.
             Splashed by a jelly's acid (10 damage)
             ... on level 2 of the Dungeon.
             The game lasted 00:05:00 (2002 turns).

Delanovic the Firebug (Octopode Wanderer)           Turns: 2002, Time: 00:05:01

Health: -7/29      AC:  1    Str:  9    XL:     4   Next: 6%
Magic:  2/5        EV: 12    Int: 15    God:
Gold:   79         SH:  0    Dex: 13    Spells: 4/5 levels left

rFire    . . .     SeeInvis .   c - +0 dagger
rCold    . . .     Gourm    .   (no shield)
rNeg     . . .     Faith    .   (helmet restricted)
rPois    +         Spirit   .   (no amulet)
rElec    .         Reflect  .   o - ring of poison resistance
rCorr    .         Harm     .   (no ring)
MR       .....                  (no ring)
Stlth    +++.......             (no ring)
HPRegen  0.09/turn              (no ring)
MPRegen  0.09/turn              (no ring)
                                (no ring)
                                (no ring)

@: no status effects
A: almost no armour, stealthy swim, amphibious, 8 rings, constrict 8, camouflage
1, gelatinous body 1
a: no special abilities


You were on level 2 of the Dungeon.
You were hungry.

You visited 1 branch of the dungeon, and saw 2 of its levels.

You collected 79 gold pieces.

Inventory:

Hand Weapons
 c - a +0 dagger (weapon)
Jewellery
 o - a ring of poison resistance (left tentacle)
Scrolls
 f - a scroll of magic mapping {unknown}
 g - a scroll of remove curse {unknown}
 h - 3 scrolls of enchant armour {unknown}
 k - a scroll of immolation {unknown}
 m - a scroll of teleportation {unknown}
Potions
 a - 2 potions of invisibility {unknown}
 b - 5 potions of lignification
 e - a potion of degeneration {unknown}
 i - 2 potions of heal wounds {unknown}
 j - a potion of haste {unknown}
 l - a potion of flight {unknown}
Comestibles
 d - 6 rations


   Skills:
 + Level 1.7 Fighting
 + Level 1.4 Short Blades
 + Level 0.7 Dodging
 - Level 2.6 Stealth
 + Level 1.2 Spellcasting
 + Level 0.1 Conjurations
   Level 1.0 Charms
 - Level 4.0 Fire Magic
   Level 1.1 Evocations


You had 4 spell levels left.
You knew the following spells:

 Your Spells              Type           Power        Failure   Level  Hunger
a - Flame Tongue          Conj/Fire      #....        11%         1    ##.....

Your spell library contained the following spells:

 Spells                   Type           Power        Failure   Level  Hunger
 Throw Flame              Conj/Fire      #.....       16%         2    ###....
 Conjure Flame            Conj/Fire      #.......     30%         3    ####...
 Inner Flame              Hex/Fire       #.......     30%         3    ####...
 Sticky Flame             Conj/Fire      #.......     71%         4    #####..
 Fireball                 Conj/Fire      #.........   96%         5    ######.


Dungeon Overview and Level Annotations

Branches:
Dungeon (2/15)

Altars:
Fedhas


Innate Abilities, Weirdness & Mutations

You cannot wear most types of armour.
You are very stealthy in the water. (Stealth+)
You are amphibious.
You can wear up to eight rings at the same time.
You can use your tentacles to constrict eight enemies at once.
Your skin changes colour to match your surroundings (Stealth+).
Your rubbery body absorbs attacks. (AC +1, EV +1)


Message History

Aiming: Flame Tongue (safe; 11% risk of failure)
Press: ? - help, Shift-Dir - straight line, f - jelly
Aim: a jelly The flame tongue hits the jelly.
The jelly is lightly wounded.
The jelly hits you.
You are splashed with acid!
Casting: Flame Tongue (safe; 11% risk of failure)
Confirm with . or Enter, or press ? or * to list all spells.
Aiming: Flame Tongue (safe; 11% risk of failure)
Press: ? - help, Shift-Dir - straight line, f/p - jelly
Aim: a jelly (lightly wounded)
The flame tongue hits the jelly.
The jelly is lightly wounded.
The jelly hits you.
You are splashed with acid!
* * * LOW HITPOINT WARNING * * *
There is an open door here.
The jelly hits you.
* * * LOW HITPOINT WARNING * * *
You are splashed with acid!
You die...

###.....................
#........#.....###......
.###''(###.............
##...####....##......
##)))..###....##......
#.......##....##......
#.......##[...########
#.......##..### ####.
#....@..###)# ##....
####J...# #.# #..#..
##.J'....# #.#####.#...
#.######## #....##.#...
##.J....## ####.#..#...
#######'###...........
.....P÷.÷######.......
.PJ....PJ# #.......
.PJ...JP.######..#....


You could see 2 jellies.

Vanquished Creatures
  2 oozes (D:2)
  2 worms (D:2)
  2 dart slugs
  2 leopard geckos
  2 ball pythons (D:1)
  3 bats (D:1)
  8 goblins
  4 hobgoblins
  8 kobolds
  2 frilled lizards (D:2)
  3 rats
38 creatures vanquished.

Vanquished Creatures (others)
  7 toadstools (D:2)
7 creatures vanquished.

Grand Total: 45 creatures vanquished

Notes
Turn   | Place    | Note
-------+----------+-------------------------------------------
     0 | D:1      | Delanovic the Octopode Wanderer began the quest for the
                  | Orb.
     0 | D:1      | Delanovic set off with the following items: 2 potions of
                  | lignification, a +0 dagger, a ration; and the following
                  | spell memorised: Flame Tongue; and the following spells
                  | available to memorise: Throw Flame, Conjure Flame, Inner
                  | Flame, Sticky Flame, Fireball
     0 | D:1      | Reached XP level 1. HP: 13/13 MP: 2/2
   326 | D:1      | Reached XP level 2. HP: 18/18 MP: 3/3
  1459 | D:2      | Reached XP level 3. HP: 21/23 MP: 4/4
  1473 | D:2      | Found a blossoming altar of Fedhas.
  1547 | D:2      | Reached skill level 4 in Fire Magic
  1989 | D:2      | Reached XP level 4. HP: 25/29 MP: 3/5
  2002 | D:2      | Splashed by a jelly's acid

Skill      XL: |  1  2  3 |
---------------+----------+-----
Fire Magic     | 4 |  4.0
Fighting       | |  1.7
Short Blades   | |  1.4
Dodging        | |  0.7
Stealth        | |  2.6
Spellcasting   | |  1.2
Conjurations   | |  0.1
Charms         | |  1.0
Evocations     | |  1.1

Action                   |  1- 3 |  4- 6 || total
-------------------------+-------+-------++-------
Melee: Dagger            |    78 |       ||    78
       Constrict         |    21 |       ||    21
       Tentacles         |    13 |       ||    13
 Cast: Flame Tongue      |    10 |     2 ||    12
 Stab: Sleeping          |     9 |       ||     9
  Eat: Chunk             |     3 |       ||     3
Armor: Skin              |     6 |       ||     6
Dodge: Dodged            |    51 |       ||    51
